 Dungeon Crawl Stone Soup version 0.27-a0-1090-gb115f176c6 (webtiles) character file.

Game seed: 11240453450663569607

64 1player the Skirmisher (level 4, -3/37 HPs)
             Began as a Formicid Abyssal Knight on Apr 27, 2021.
             Was a Follower of Lugonu.
             Slain by a yak (13 damage)
             ... on level 3 of the Dungeon.
             The game lasted 00:06:10 (2677 turns).

1player the Skirmisher (Formicid Abyssal Knight)    Turns: 2677, Time: 00:06:10

Health: -3/37      AC:  6    Str: 18    XL:     4   Next: 32%
Magic:  5/5        EV: 10    Int: 11    God:    Lugonu [*.....]
Gold:   15         SH:  0    Dex: 10    Spells: 3/3 levels left

rFire    . . .     SeeInvis +   e - +0 short sword
rCold    . . .     Faith    .   (no shield)
rNeg     . . .     Spirit   .   c - +0 ring mail
rPois    .         Reflect  .   (helmet unavailable)
rElec    .         Harm     .   (no cloak)
rCorr    .         Rampage  .   d - +0 pair of gloves
Will     .....                  (no boots)
Stlth    +.........             (no amulet)
HPRegen  0.12/turn              (no ring)
MPRegen  0.09/turn              (no ring)

@: no status effects
A: permanent stasis, dig shafts and tunnels, antennae 3, four strong arms
a: Dig, Shaft Self, Renounce Religion, Depart the Abyss


You were on level 3 of the Dungeon.
You worshipped Lugonu.
Lugonu was aware of your devotion.
You visited 1 branch of the dungeon, and saw 3 of its levels.
You visited the Abyss 1 time.

You collected 123 gold pieces.
You spent 108 gold pieces at shops.

Inventory:

Hand Weapons
 a - a +1 mace
 e - a +0 short sword (weapon)
Missiles
 f - 16 sling bullets
 k - 10 poisoned darts
Armour
 b - a +0 leather armour
 c - a +0 ring mail (worn)
 d - a +0 pair of gloves (worn)
Wands
 o - a wand of mindburst (3)
Scrolls
 g - a scroll of vulnerability {unknown}
 h - 2 scrolls of identify {unknown}
 i - a scroll of enchant weapon {unknown}
 j - a scroll of fear {unknown}
 l - a scroll of magic mapping {unknown}
 n - 2 scrolls of teleportation
 q - a scroll of amnesia {unknown}
Potions
 m - 2 potions of curing {@q1}
 p - a potion of lignification


   Skills:
 + Level 4.3 Fighting
 - Level 2.0 Maces & Flails
 - Level 2.1 Armour
 + Level 1.4 Dodging
 + Level 3.0 Stealth
 - Level 2.1 Invocations


You had 3 spell levels left.
You didn't know any spells.
Your spell library was empty.

Dungeon Overview and Level Annotations

Branches:
Dungeon (3/15)

Altars:

Shops:
D:2 !!(


Innate Abilities, Weirdness & Mutations

You cannot be hasted, slowed, berserked, paralysed or teleported.
You can dig through walls and to a lower floor.
You have a pair of large antennae on your head. (SInv)
Your four strong arms can wield two-handed weapons with a shield.


Message History

You closely miss the kobold.
The kobold is moderately wounded.
The kobold closely misses you.
You hit the kobold.
You kill the kobold!
Lugonu accepts your kill.
Your Stealth skill increases to level 3!
You hit the orc.
The orc is almost dead.
The orc barely misses you. x2
You closely miss the orc.
The orc is almost dead.
The orc hits you with a +0 hand axe.
You hit the orc but do no damage.
The orc is almost dead.
The orc barely misses you.
You hit the orc.
You kill the orc!
Lugonu accepts your kill.
Items here: ))) [ †.
Items here: ))) [ †.
Okay, then.
You start resting.
HP restored.
There is an open door here.
A yak comes into view.
There is an open door here.
There is a stone staircase leading up here.
You climb upwards.
There is a stone staircase leading down here.
There is an entrance to Rahaah's Distillery here.
There is a stone staircase leading down here.
You climb downwards. 4 yaks come into view.
The yak bellows! x4
The yak gores you. The yak closely misses you.
There is a stone staircase leading up here.
Okay, then.
The yak barely misses you. The yak closely misses you. The yak gores you! x3
You die...

#.#.....♣.♣...#........#
#.....♣.....♣.#.##.....#
#######.♣.♣.....##.....#
#...)..#.#...#.##.....#
###.######
#...#.##.....# ##...#
##.##..#.##.....# ..>###
.......#.♣♣♣♣♣♣♣♣ ...#
#..Y#Y....... ...#
#..Y@.♣♣♣♣♣♣♣ ...#
#..YY.# ...# #'#...#
.♣♣♣ { { .. ..#.# ♣♣ ...
...#.# ♣ .. ....#.# ♣ .
.....#.# ♣ ...... .. ♣


You could see 5 yaks.

Vanquished Creatures
  2 adders (D:2)
  A dart slug (D:1)
  2 orcs (D:3)
  4 endoplasms (D:1)
  A giant cockroach (D:1)
  2 goblins
  2 hobgoblins
  7 jackals (D:1)
  2 quokkas (D:1)
  A ball python (D:2)
  4 bats (D:1)
  5 frilled lizards (D:1)
  4 kobolds
  2 rats
39 creatures vanquished.

Notes
Turn   | Place    | Note
-------+----------+-------------------------------------------
     0 | Abyss:1  | 1player the Formicid Abyssal Knight began the quest for the
                  | Orb.
     0 | Abyss:1  | Reached XP level 1. HP: 18/18 MP: 2/2
    78 | Abyss:1  | Noticed a small abomination
    90 | D:1      | Escaped the Abyss
   431 | D:1      | Reached skill level 1 in Stealth
   487 | D:1      | Reached XP level 2. HP: 17/24 MP: 3/3
   625 | D:1      | Reached * piety under Lugonu
   984 | D:1      | Reached XP level 3. HP: 24/30 MP: 4/4
   993 | D:1      | Reached skill level 4 in Fighting
  1201 | D:1      | Reached skill level 1 in Dodging
  1935 | D:2      | Found Rahaah's Distillery.
  1981 | D:2      | Reached XP level 4. HP: 34/37 MP: 5/5
  2005 | D:2      | Bought 2 potions of curing for 78 gold pieces
  2161 | D:2      | Found Cacay's Distillery.
  2202 | D:2      | Bought a potion of lignification for 30 gold pieces
  2449 | D:2      | Found Ekeulok's Weapon Emporium.
  2498 | D:3      | Noticed a yak
  2623 | D:3      | Noticed a yak
  2676 | D:3      | Noticed a yak
  2676 | D:3      | Noticed a yak
  2676 | D:3      | Noticed a yak
  2676 | D:3      | Noticed a yak
  2677 | D:3      | Slain by a yak

Illustrated notes

Levels and vault maps discovered:
D:1:      dpeg_arrival_round_c, layout_basic
D:2:      layout_loops_ring, serial_shops, shop, nicolae_shop_behind_doors,
          nicolae_shop_statue_plus, solitary_fountain
D:3:      layout_basic, serial_forest, infiniplex_forest_straight_3,
          infiniplex_forest_straight_2, infiniplex_forest_clump_small,
          infiniplex_forest_lined_ring, infiniplex_forest_straight_3,
          infiniplex_forest_zigzag_2, infiniplex_forest_clump_long,
          infiniplex_forest_lined_corner, uniq_grinder, uniq_terence,
          uniq_jessica

Skill      XL: |  1  2  3  4 |
---------------+-------------+-----
Stealth        | 1 2 3 |  3.0
Fighting       | 4 |  4.3
Dodging        | 1 |  1.4
Maces & Flails | |  2.0
Armour         | |  2.1
Invocations    | |  2.1

Action                   |  1- 3 |  4- 6 || total
-------------------------+-------+-------++-------
Melee: Short sword       |   142 |    17 ||   159
       Mace              |     3 |       ||     3
Invok: Depart the Abyss  |     1 |       ||     1
 Abil: Dig               |     1 |     1 ||     2
  Use: Scroll            |       |     1 ||     1
Armor: Ring mail         |    75 |     5 ||    80
Dodge: Dodged            |    75 |    11 ||    86

Table legend: (Time is in decaauts)
 A = Elapsed time spent in this place.
 B = Non-inter-level travel time spent in this place.
 C = Inter-level travel time spent in this place.
 D = Time resting spent in this place.
 E = Time spent auto-exploring this place.
 F = Levels seen in this place.
 G = Mean time per level.
                   A        B        C        D        E       F      G
               +--------+--------+--------+--------+--------+-----+--------+
         Total |   2696 |   2617 |     79 |    611 |   1351 |   4 |  674.0 |
       Dungeon |   2605 |   2526 |     79 |    611 |   1290 |   3 |  868.3 |
         Abyss |     90 |     90 |      0 |      0 |     61 |   1 |   90.0 |
               +--------+--------+--------+--------+--------+-----+--------+

Top non-repeatable levels by time:
     D:1: 1709 daAuts
     D:2: 720 daAuts
     D:3: 175 daAuts
 Abyss:1: 90 daAuts
